 Dungeon Crawl Stone Soup version 0.29.1-13-g9f3cf754e1 (webtiles) character file.

Game seed: 6679872297626304228

617 Peloso the Slasher (level 7, -1/61 HPs)
             Began as a Minotaur Fighter on Jan 22, 2023.
             Slain by a gnoll
             ... wielding a +0 whip
             ... led by a gnoll sergeant
              (3 damage)
             ... on level 5 of the Dungeon.
             The game lasted 00:09:01 (5609 turns).

Peloso the Slasher (Minotaur Fighter)               Turns: 5609, Time: 00:09:08

Health: -1/61      AC: 11    Str: 20    XL:     7   Next: 21%
Magic:  1/6        EV:  7    Int:  5    God:
Gold:   297        SH:  5    Dex: 12    Spells: 6/6 levels left

rFire   . . .      SeeInvis .   a - +1 long sword (flame)
rCold   . . .      Faith    .   d - +0 buckler
rNeg    + . .      Spirit   .   e - +0 chain mail
rPois   .          Reflect  .   (helmet restricted)
rElec   .          Harm     .   c - +0 cloak
rCorr   +          Rampage  .   (no gloves)
Will    .....                   (no boots)
Stlth   ..........              (no amulet)
HPRegen 0.20/turn               p - ring of resist corrosion
MPRegen 0.10/turn               g - ring of positive energy

@: mighty
A: horns 2, retaliatory headbutt
a: no special abilities


You were on level 5 of the Dungeon.
You visited 1 branch of the dungeon, and saw 5 of its levels.

You collected 297 gold pieces.

Inventory:

Hand Weapons
 a - a +1 long sword of flaming (weapon)
Armour
 b - a +0 scale mail
 c - a +0 cloak (worn)
 d - a +0 buckler (worn)
 e - a +0 chain mail (worn)
Jewellery
 g - a ring of positive energy (right hand)
 p - a ring of resist corrosion (left hand)
 t - a ring of see invisible
Wands
 o - a wand of flame (27)
 w - a wand of roots (5)
Scrolls
 l - a scroll of teleportation
 m - a scroll of summoning
 q - 2 scrolls of noise
 r - 2 scrolls of identify
 v - a scroll of vulnerability {unknown}
Potions
 f - 2 potions of brilliance
 h - 2 potions of cancellation {unknown}
 j - 2 potions of attraction {unknown}
 k - a potion of magic
 n - a potion of berserk rage {unknown}
 s - a potion of flight {unknown}
 u - a potion of heal wounds {unknown}


   Skills:
 + Level 5.4 Fighting
 + Level 6.4 Long Blades
 + Level 6.3 Armour
 + Level 0.8 Dodging
 + Level 0.3 Stealth
 + Level 4.2 Shields


You had 6 spell levels left.
You didn't know any spells.
Your spell library contained the following spells:

 Spells                   Type           Power      Damage    Failure   Level
 Apportation              Tloc           0%         N/A       99%         1
 Magic Dart               Conj           0%         1d3       99%         1
 Slow                     Hex            0%         N/A       99%         1
 Call Imp                 Summ           0%         N/A       100%        2
 Confusing Touch          Hex            0%         N/A       100%        3
 Mephitic Cloud           Conj/Pois/Air  0%         N/A       100%        3
 Vampiric Draining        Necr           0%         2d6       100%        3
 Alistair's Intoxication  Tmut/Pois      0%         N/A       100%        5


Dungeon Overview and Level Annotations

Branches:
Dungeon (5/15)
 Temple: D:4-7

Altars:
Ashenzari
Makhleb
Qazlal
Vehumet

Shops:
D:4 :   D:5 [

Annotations:
D:4 1 runed translucent door, DoIIoM's ghost, amateur OpFE


Innate Abilities, Weirdness & Mutations

You have a pair of horns on your head.
You reflexively headbutt those who attack you in melee.


Message History

The gnoll is almost dead.
The gnoll hits you with a +0 club.
The gnoll sergeant hits you from afar with a +2 antimagic spear!
You feel your power leaking away.
You slash the gnoll! You burn the gnoll.
You kill the gnoll!
The gnoll sergeant barely misses you.
The gnoll sergeant hits you with a +2 antimagic spear!
You feel your power leaking away.
Items here: )) ††.
You feel very mighty all of a sudden.
The gnoll sergeant hits you with a +2 antimagic spear!
You barely miss the gnoll sergeant. The gnoll barely misses you.
The gnoll hits you but does no damage.
The gnoll sergeant hits you but does no damage.
The gnoll hits you with a +0 spear. The gnoll attacks as you move away!
The gnoll hits you with a +0 whip. The gnoll sergeant barely misses you.
You block the gnoll's attack.
The gnoll sergeant hits you with a +2 antimagic spear.
You block the gnoll's attack.
You barely miss the gnoll sergeant.
Your headbutt misses the gnoll sergeant.
The gnoll barely misses you.
The gnoll sergeant hits you with a +2 antimagic spear.
* * * LOW HITPOINT WARNING * * *
The gnoll barely misses you. The gnoll sergeant blocks your attack.
Your headbutt misses the gnoll sergeant.
The gnoll hits you but does no damage.
The gnoll sergeant hits you with a +2 antimagic spear.
* * * LOW HITPOINT WARNING * * *
The gnoll barely misses you. The gnoll sergeant blocks your attack.
The gnoll hits you with a +0 whip.
* * * LOW HITPOINT WARNING * * *
You block the gnoll sergeant's attack. The gnoll hits you with a +0 spear.
* * * LOW HITPOINT WARNING * * *
The gnoll sergeant hits you with a +2 antimagic spear.
* * * LOW HITPOINT WARNING * * *
The gnoll hits you but does no damage. The gnoll hits you with a +0 whip.
You die...

#.# #........#.# ###...###
#.########.#.#)###...### #
#........#.#.#.#....##
########.#.#.#.#....#♣
######.#.#.#.#...##
#....#)#.#.#.#...#
#....#.#.#.......##
##...#.#.###.##...#♣
3#....g@g..#....#.##
#########.#)#g#.######..### #
#...._#1#.#.#.....#####...###
#.#######...#...#..g..g.#....
#.## 4#.....#...#..#........#
#..# ##.....#...#..#...####.#
##.####.....#...#..#...##.#.#
#...........#...#.........#.#
##.####.....#...##.#...##.#.#


You could see a gnoll sergeant and 2 gnolls.

Vanquished Creatures
  An ogre (D:5)
  A necrophage (D:5)
  3 hounds
  An orc priest (D:4)
  2 iguanas (D:4)
  Ijyb (D:5)
  4 orc wizards
  3 gnolls (D:5)
  2 adders
  A shadow imp (D:5)
  2 white imps (D:5)
  An ufetubus (D:5)
  A dart slug (D:2)
  13 orcs
  6 ball pythons
  7 endoplasms
  4 giant cockroaches
  6 goblins
  5 hobgoblins
  3 jackals (D:1)
  13 kobolds
  3 quokkas
  7 bats
  2 frilled lizards
  5 rats
97 creatures vanquished.

Notes
Turn   | Place    | Note
-------+----------+-------------------------------------------
     0 | D:1      | Peloso the Minotaur Fighter began the quest for the Orb.
     0 | D:1      | Reached XP level 1. HP: 19/19 MP: 0/0
   398 | D:1      | Reached XP level 2. HP: 27/27 MP: 1/1
   661 | D:1      | Reached XP level 3. HP: 27/33 MP: 2/2
  1898 | D:3      | Found a radiant altar of Vehumet.
  2112 | D:3      | Reached XP level 4. HP: 33/40 MP: 3/3
  2477 | D:3      | Found a stormy altar of Qazlal.
  2954 | D:4      | Found a broken altar of Ashenzari.
  3032 | D:4      | Reached XP level 5. HP: 9/47 MP: 4/4
  3302 | D:4      | Reached skill level 5 in Long Blades
  3395 | D:4      | Reached skill level 5 in Armour
  3443 | D:4      | Reached XP level 6. HP: 44/53 MP: 5/5
  3607 | D:4      | Found Ryobro's Vocational Training.
  3671 | D:4      | Found a runed translucent door.
  3671 | D:4      | Noticed DoIIoM's ghost (amateur OpFE)
  3909 | D:5      | Entered Level 5 of the Dungeon
  4010 | D:4      | Reached skill level 5 in Fighting
  4585 | D:5      | Found Quzo's Antique Armour Shoppe.
  4748 | D:5      | Reached XP level 7. HP: 29/61 MP: 6/6
  5141 | D:5      | Noticed Ijyb
  5148 | D:5      | Killed Ijyb
  5433 | D:5      | Found a burning altar of Makhleb.
  5433 | D:5      | Noticed an Executioner
  5436 | D:5      | Noticed a smoke demon
  5436 | D:5      | Noticed a hellwing
  5609 | D:5      | HP: 3/61 [gnoll/+0 spear[a gnoll sergeant] (6)]
  5609 | D:5      | Slain by a gnoll

Illustrated notes

Levels and vault maps discovered:
D:1:      lightli_arrival_isolated_outpost, layout_loops_ring, serial_glass,
          glass_columns_a, glass_columns_a, glass_columns_a, glass_columns_b,
          glass_columns_b, glass_columns_c, glass_columns_a, glass_columns_b,
          glass_columns_b, glass_columns_c, glass_columns_c, glass_columns_b,
          glass_columns_a, glass_columns_a
D:2:      layout_loops_corners
D:3:      layout_loops_ring, nicolae_qazlal_eye_of_the_storm,
          amcnicky_altar_gilded
D:4:      layout_loops_cross, evilmike_ruin_ashenzari,
          ebering_ghost_inner_flame, nicolae_shop_vocational
D:5:      cheibrodos_iron_armory, layout_basic, makhleb_altar_promises_db,
          serial_shops, shop, uniq_ijyb

Skill      XL: |  1  2  3  4  5  6 |
---------------+-------------------+-----
Fighting       | 4 5 |  5.4
Armour         | 4 5 6 |  6.3
Long Blades    | 3 4 5 6 |  6.4
Shields        | 4 |  4.2
Dodging        | |  0.8
Stealth        | |  0.3

Action                   |  1- 3 |  4- 6 |  7- 9 || total
-------------------------+-------+-------+-------++-------
Melee: Long sword        |    99 |   127 |    30 ||   256
       Headbutt          |     8 |    19 |     6 ||    33
Evoke: Wand              |       |       |     1 ||     1
  Use: Scroll            |     3 |     7 |       ||    10
       Potion            |     2 |       |     1 ||     3
Armor: Scale mail        |    42 |       |       ||    42
       Chain mail        |    44 |    78 |    17 ||   139
Dodge: Dodged            |    59 |    52 |    10 ||   121
Block: Buckler           |    23 |    42 |     4 ||    69
